 Dungeon Crawl Stone Soup version 0.26-a0-971-g1d9d62bb61 (webtiles) character file.

Game seed: 4583975140562421279

774 dickylongcocking the Caller (level 7, -1/52 HPs)
             Began as a Merfolk Summoner on Dec 5, 2020.
             Was a Follower of Ashenzari.
             Slain by a nameless horror (10 damage)
             ... created by miscasting Summon Ice Beast
             ... on level 5 of the Dungeon.
             The game lasted 00:10:30 (6633 turns).

dickylongcocking the Caller (Merfolk Summoner)      Turns: 6633, Time: 00:10:31

Health: -1/52      AC:  3    Str:  8    XL:     7   Next: 84%
Magic:  0/12       EV: 13    Int: 17    God:    Ashenzari [*.....]
Gold:   311        SH:  0    Dex: 14    Spells: 2/12 levels left

rFire    . . .     SeeInvis .   q - +0 halberd (curse)
rCold    . . .     Faith    .   (shield currently unavailable)
rNeg     . . .     Spirit   .   n - +0 robe (curse)
rPois    .         Reflect  .   l - +0 helmet
rElec    .         Harm     .   (no cloak)
rCorr    .         Rampage  .   (no gloves)
MR       .....                  (no boots)
Stlth    ++........             e - amulet of magic regeneration
HPRegen  0.17/turn              (no ring)
MPRegen  0.38/turn              (no ring)

@: mighty, very slightly contaminated
A: change form in water, swift swim, stealthy swim
a: Curse Item, Scrying, Renounce Religion


You were on level 5 of the Dungeon.
You worshipped Ashenzari.
Ashenzari was aware of your devotion.
You visited 2 branches of the dungeon, and saw 6 of its levels.

You collected 311 gold pieces.

Inventory:

Hand Weapons
 h - a +1 antimagic dagger
 q - a cursed +0 halberd (weapon)
Armour
 a - a +0 robe
 l - a +0 helmet (worn)
 n - a cursed +0 robe (worn)
Jewellery
 d - an uncursed ring of fire
 e - an amulet of magic regeneration (around neck)
 f - a +4 ring of protection
 i - an uncursed amulet of the acrobat
 p - an uncursed ring of protection from cold
Scrolls
 c - 2 scrolls of teleportation {unknown}
 g - 2 scrolls of noise
 j - a scroll of enchant armour
 m - a scroll of identify
Potions
 b - 2 potions of degeneration
 k - a potion of cancellation


   Skills:
 * Level 3.1 Fighting
 * Level 6.0 Polearms
 - Level 2.8 Dodging
 - Level 2.1 Stealth
 - Level 1.0 Unarmed Combat
 - Level 3.3 Spellcasting
 * Level 6.7 Summonings
 * Level 0.7 Ice Magic


You had 2 spell levels left.
You knew the following spells:

 Your Spells              Type           Power        Failure   Level
a - Summon Small Mammal   Summ           ####         1%          1
b - Call Imp              Summ           ####....     1%          2
c - Call Canine Familiar  Summ           ####....     3%          3
d - Summon Ice Beast      Ice/Summ       ###.....     36%         4

Your spell library contained the following spells:

 Spells                   Type           Power        Failure   Level
 Summon Guardian Golem    Hex/Summ       ##......     13%         3
 Summon Lightning Spire   Summ/Air       ##......     38%         4


Dungeon Overview and Level Annotations

Branches:
Dungeon (5/15)             Temple (1/1) D:4

Altars:
Ashenzari
Cheibriados
Dithmenos
Fedhas
Hepliaklqana
Kikubaaqudgha
Makhleb
Nemelex Xobeh
Okawaru
Qazlal
Ru
Sif Muna
Trog
Uskayaw
Vehumet
Wu Jian
Xom
Yredelemnul
Zin
The Shining One


Message History

Your hound disappears in a puff of smoke!
You hit the nameless horror.
The nameless horror is lightly damaged.
The nameless horror hits you.
You feel your power leaking away.
Unknown command.
Casting: Call Canine Familiar (dangerous; 3% risk of failure)
Confirm with . or Enter, or press ? or * to list all spells.
You don't have enough magic to cast that spell.
Unknown command.
It was a potion of might.
You feel very mighty all of a sudden. The nameless horror hits you!
* * * LOW HITPOINT WARNING * * *
Unknown command.
Unknown command.
You puncture the nameless horror!
The nameless horror is severely damaged.
The nameless horror hits you!
You die...

...#.........####'##.###.........
...#.......###.##.##.##########..
...#.......#...#.......... #..
...'.......#...#.......... #..
####.......#...#.......... #..
...........#...#.......... #..
...........#...#.....##### #.<
...........#...#.....# #..
...........#...X@....# #..
....##############...# #.. ....#
##### ### ....# ....#


You could see a nameless horror.

Vanquished Creatures
  An ogre (D:5)
  A quasit (D:4)
  An orc wizard (D:5)
  A worker ant (D:4)
  An adder (D:4)
  A dart slug (D:3)
  5 orcs
  A giant cockroach (D:3)
  3 jackals
  A quokka (D:5)
  A ball python (D:4)
  A frilled lizard (D:3)
  A rat (D:1)
19 creatures vanquished.

Vanquished Creatures (collateral kills)
  Grinder (D:5)
  A sky beast (D:4)
  An orc warrior (D:3)
  An ice beast (D:5)
  An ogre (D:5)
  A phantom (D:4)
  2 scorpions (D:5)
  A hound (D:4)
  2 orc wizards
  A gnoll shaman (D:4)
  3 worker ants
  A hound skeleton (D:4)
  2 adders
  7 gnolls
  A worm (D:2)
  5 dart slugs
  A leopard gecko (D:3)
  11 orcs
  4 bats
  2 giant cockroaches (D:3)
  4 goblins
  6 hobgoblins
  7 jackals
  3 kobolds
  A ball python (D:1)
  A frilled lizard (D:3)
  6 rats
77 creatures vanquished.

Grand Total: 96 creatures vanquished

Notes
Turn   | Place    | Note
-------+----------+-------------------------------------------
     0 | D:1      | dickylongcocking the Merfolk Summoner began the quest for
                  | the Orb.
     0 | D:1      | Reached XP level 1. HP: 13/13 MP: 3/3
   485 | D:1      | Reached XP level 2. HP: 13/19 MP: 5/5
   505 | D:1      | Learned a level 2 spell: Call Imp
  1150 | D:2      | You fall into a shaft and drop 1 floor!
  1170 | D:3      | Reached XP level 3. HP: 18/24 MP: 3/6
  1274 | D:3      | Reached skill level 1 in Unarmed Combat
  1460 | D:3      | Noticed an orc warrior
  1557 | D:3      | Killed an orc warrior
  1558 | D:3      | Reached XP level 4. HP: 29/30 MP: 2/8
  1566 | D:3      | Learned a level 3 spell: Call Canine Familiar
  1607 | D:3      | Reached skill level 5 in Summonings
  2219 | D:3      | Reached XP level 5. HP: 35/35 MP: 9/9
  2354 | D:3      | Found a sparkling altar of Nemelex Xobeh.
  2471 | D:4      | Reached skill level 1 in Polearms
  2711 | D:4      | Found a staircase to the Ecumenical Temple.
  2730 | Temple   | Entered the Ecumenical Temple
  2825 | Temple   | Became a worshipper of Ashenzari the Shackled
  3741 | D:4      | Noticed a phantom
  3776 | D:4      | Killed a phantom
  3777 | D:4      | Reached XP level 6. HP: 26/41 MP: 6/11
  3901 | D:4      | Found a snail-covered altar of Cheibriados.
  4290 | D:4      | Found an ornate altar of the Wu Jian Council.
  4324 | D:5      | Entered Level 5 of the Dungeon
  4340 | D:5      | Noticed a sky beast
  4686 | D:4      | Killed a sky beast
  4687 | D:4      | Reached skill level 1 in Fighting
  5519 | D:5      | Noticed an ice beast
  5538 | D:5      | Killed an ice beast
  5539 | D:5      | Reached XP level 7. HP: 49/49 MP: 8/12
  5638 | D:5      | Reached skill level 5 in Polearms
  5725 | D:5      | Reached * piety under Ashenzari
  5728 | D:5      | Noticed a +0 hand axe
  5736 | D:5      | Noticed a +0 hand axe
  5920 | D:5      | Found a hide-covered altar of Uskayaw.
  6248 | D:5      | Noticed Grinder
  6257 | D:5      | Learned a level 4 spell: Summon Ice Beast
  6272 | D:5      | Killed Grinder
  6620 | D:5      | Noticed a nameless horror
  6633 | D:5      | Slain by a nameless horror

Illustrated notes

Levels and vault maps discovered:
D:1:      nzn_arrival_water_spiral, layout_basic
D:2:      layout_loops_ring, chequers_ecumenical_altar_island
D:3:      layout_loops_ring, nemelex_xobeh_ov_fountains_minmay
D:4:      layout_rooms, cheibriados_altar_2, lemuel_doored_altar,
          minmay_temple_entry_tees, serial_curves, eino_curves_03,
          eino_curves_02, hangedman_abyss_or_decor_stagger,
          kennysheep_generic_room_12
D:5:      layout_gridville, dancing_weapons_uskayaw, uniq_grinder
Temple:   eino_temple_scatter_basement

Skill      XL: |  1  2  3  4  5  6  7 |
---------------+----------------------+-----
Unarmed Combat | 1 |  1.0
Spellcasting   | 3 |  3.3
Summonings     | 5 6 |  6.7
Polearms       | 3 4 6 |  6.0
Fighting       | 1 3 |  3.1
Dodging        | |  2.8
Stealth        | |  2.1
Ice Magic      | |  0.7

Action                   |  1- 3 |  4- 6 |  7- 9 || total
-------------------------+-------+-------+-------++-------
Melee: Unarmed           |    40 |    11 |       ||    51
       Halberd           |       |    65 |    47 ||   112
 Cast: Summon Small Mamm |    41 |     2 |       ||    43
       Call Imp          |    53 |    22 |     8 ||    83
       Call Canine Famil |       |    34 |    11 ||    45
       Summon Ice Beast  |       |       |     2 ||     2
Invok: Curse Item        |       |     1 |       ||     1
  Use: Scroll            |     2 |     4 |       ||     6
       Potion            |     2 |     5 |     2 ||     9
 Stab: Sleeping          |     1 |     1 |       ||     2
       Distracted        |       |     1 |     1 ||     2
Armor: Robe              |    17 |    32 |     8 ||    57
       Skin              |       |     7 |       ||     7
Dodge: Dodged            |    71 |   125 |    34 ||   230

Table legend: (Time is in decaauts)
 A = Elapsed time spent in this place.
 B = Non-inter-level travel time spent in this place.
 C = Inter-level travel time spent in this place.
 D = Time resting spent in this place.
 E = Time spent auto-exploring this place.
 F = Levels seen in this place.
 G = Mean time per level.
                   A        B        C        D        E       F      G
               +--------+--------+--------+--------+--------+-----+--------+
         Total |   6652 |   6603 |     49 |   2033 |   3440 |   6 | 1108.7 |
       Dungeon |   6471 |   6435 |     36 |   2033 |   3282 |   5 | 1294.2 |
        Temple |    181 |    168 |     13 |      0 |    158 |   1 |  181.0 |
               +--------+--------+--------+--------+--------+-----+--------+

Top non-repeatable levels by time:
     D:4: 2463 daAuts
     D:5: 1570 daAuts
     D:3: 1302 daAuts
     D:1: 904 daAuts
     D:2: 229 daAuts
  Temple: 181 daAuts
